[Event "Titled Tuesday Blitz November 07 Early 2023"]
[White "Feuerstack, Aljoscha"]
[Black "BardArtem"]
[WhiteFideId "4681932"]
[WhiteElo "2598"]
[BlackElo "2794"]
[Result "1-0"]
[Round "8"]
[TimeControl "180+1"]
[Date "2023.11.07"]
[WhiteClock "0:00:40"]
[BlackClock "0:00:02"]
[Board "62"]

1. e4 e5 2. Bc4 Nf6 3. d3 Nc6 4. Nc3 Na5 5. Qf3 Nxc4 6. dxc4 Bb4 7. Ne2 O-O 8. O-O h6 9. Qg3 Kh8 10. Qxe5 Re8 11. Qd4 d6 12. h3 Bc5 13. Qd3 Qe7 14. Ng3 Qe5 15. Be3 Be6 16. b3 Nh5 17. Bxc5 Qxc5 18. Nxh5 Qxh5 19. f4 Rad8 20. Qd4 a6 21. Rad1 f5 22. Rde1 fxe4 23. Rxe4 Bf5 24. Rxe8+ Rxe8 25. Nd5 c6 26. Ne3 Bh7 27. f5 Qe2 28. Rf3 c5 29. Qf4 Qe1+ 30. Kh2 Qa1 31. Qxd6 Qxa2 32. f6 Qa1 33. f7 Rc8 34. f8=Q+ Rxf8 35. Rxf8+ Bg8 36. Qe6 Qe5+ 37. Qxe5 1-0


[Site "https://www.chess.com"]

[Event "Titled Tuesday Blitz November 07 Early 2023"]
[White "Herzog2012"]
[Black "elprimo2012mortis"]
[WhiteElo "2583"]
[BlackElo "2776"]
[Result "0-1"]
[Round "8"]
[TimeControl "180+1"]
[Date "2023.11.07"]
[WhiteClock "0:00:00"]
[BlackClock "0:01:37"]
[Board "63"]

1. e4 c6 2. d4 d5 3. Nc3 dxe4 4. Nxe4 Nf6 5. Nxf6+ exf6 6. c3 Bd6 7. Bd3 O-O 8. Qc2 Re8+ 9. Ne2 h5 10. O-O h4 11. h3 Nd7 12. Be3 Nf8 13. c4 Bd7 14. Rad1 Rc8 15. Qc1 Qa5 16. Bf4 Bxf4 17. Nxf4 Qxa2 18. Qc3 Qa6 19. c5 b5 20. d5 cxd5 21. Nxd5 Qc6 22. b4 a5 23. Nb6 Qxb6 24. cxb6 Rxc3 25. bxa5 Ra3 26. Rfe1 Rb8 27. Ra1 Rxd3 28. a6 Bc6 29. b7 Bxb7 30. axb7 Rxb7 31. Re8 b4 32. Raa8 b3 33. Rxf8+ Kh7 34. Rh8+ Kg6 35. Ra1 b2 36. Rb1 Rc3 0-1


[Site "https://www.chess.com"]

[Event "Titled Tuesday Blitz November 07 Early 2023"]
[White "Weetik, Vjacheslav"]
[Black "Lewicki, Miroslaw"]
[WhiteFideId "4153472"]
[BlackFideId "1113380"]
[WhiteElo "2767"]
[BlackElo "2592"]
[Result "0-1"]
[Round "8"]
[TimeControl "180+1"]
[Date "2023.11.07"]
[WhiteClock "0:00:03"]
[BlackClock "0:00:11"]
[Board "64"]

1. d4 d5 2. c4 e6 3. Nf3 Nf6 4. g3 Be7 5. Bg2 O-O 6. O-O b6 7. cxd5 exd5 8. Nc3 Bb7 9. Ne5 Nc6 10. Qa4 Nxe5 11. dxe5 Nd7 12. Nxd5 c6 13. Nxe7+ Qxe7 14. f4 Nc5 15. Qa3 Qe6 16. Be3 Qc4 17. Rac1 Qxe2 18. Bf3 Qb5 19. Rfe1 Ne6 20. Red1 Rad8 21. Rd6 Rxd6 22. exd6 Rd8 23. Rd1 Ba6 24. d7 Rxd7 25. Rc1 Rd3 26. Qe7 Qxb2 27. Re1 Qc3 28. Qe8+ Nf8 29. Kf2 c5 30. Qa8 Rd7 31. f5 Re7 32. Qd8 Qf6 33. Rd1 Qb2+ 34. Rd2 Qe5 35. Rd3 Bxd3 36. Qxd3 c4 37. Qd2 c3 38. Qd3 c2 39. Bc1 Qe1+ 40. Kg2 Qxc1 0-1


[Site "https://www.chess.com"]

[Event "Titled Tuesday Blitz November 07 Early 2023"]
[White "Mekhitarian, Krikor Sevag"]
[Black "Derjabin, Ilja"]
[WhiteFideId "2107660"]
[BlackFideId "14104768"]
[WhiteElo "2765"]
[BlackElo "2565"]
[Result "1-0"]
[Round "8"]
[TimeControl "180+1"]
[Date "2023.11.07"]
[WhiteClock "0:00:13"]
[BlackClock "0:00:00"]
[Board "65"]

1. Nf3 c5 2. c4 Nf6 3. Nc3 g6 4. e4 Nc6 5. d4 cxd4 6. Nxd4 Nxd4 7. Qxd4 d6 8. Bg5 Bg7 9. Be2 O-O 10. Qe3 Be6 11. O-O Qa5 12. Rac1 Rac8 13. b3 Rfe8 14. Rfd1 Ng4 15. Qd2 h6 16. Bf4 g5 17. Bg3 Ne5 18. f4 Nc6 19. Rf1 Qc5+ 20. Kh1 Qd4 21. Qe1 gxf4 22. Bxf4 Ne5 23. Rd1 Qb6 24. Nd5 Bxd5 25. exd5 e6 26. Qg3 Ng6 27. Be3 Qa5 28. dxe6 Rxe6 29. Bg4 Rce8 30. Bxe6 Rxe6 31. Bd4 Bxd4 32. Rxd4 Qxa2 33. Rxd6 Rxd6 34. Qxd6 Qxb3 35. Qd8+ Nf8 36. Qd5 Ne6 37. Qf5 Qxc4 38. Qxf7+ Kh8 39. Re1 Qc3 40. Qxe6 1-0


[Site "https://www.chess.com"]

[Event "Titled Tuesday Blitz November 07 Early 2023"]
[White "Jaskolka, Tomasz"]
[Black "Hayrapetyan, Hovik"]
[WhiteFideId "1170791"]
[BlackFideId "13302639"]
[WhiteElo "2569"]
[BlackElo "2764"]
[Result "1-0"]
[Round "8"]
[TimeControl "180+1"]
[Date "2023.11.07"]
[WhiteClock "0:00:05"]
[BlackClock "0:00:01"]
[Board "66"]

1. e4 c5 2. Nf3 d6 3. Bb5+ Nd7 4. a4 Nf6 5. Nc3 g6 6. a5 Bg7 7. a6 bxa6 8. Bxa6 Bxa6 9. Rxa6 Qc8 10. Ra3 O-O 11. O-O a5 12. d3 Nb6 13. b3 Qc6 14. Na4 Nxa4 15. Rxa4 Nd7 16. Bd2 f5 17. Qe2 f4 18. Rxa5 Rxa5 19. Bxa5 h6 20. Qd2 g5 21. Bc3 Nf6 22. Ra1 Ra8 23. Qe1 g4 24. Nh4 e6 25. Rxa8+ Qxa8 26. Qa1 Qxa1+ 27. Bxa1 Kf7 28. h3 h5 29. hxg4 hxg4 30. g3 f3 31. Kf1 Nd7 32. Bxg7 Kxg7 33. Ke1 Kf6 34. Kd2 Nb8 35. c3 Nc6 36. Ke3 Kg5 37. d4 Na5 38. dxc5 dxc5 39. b4 cxb4 40. cxb4 Nc6 41. b5 Ne5 42. Kd4 Nd7 43. e5 Kh5 44. Ke3 Kg5 45. Ke4 Nb6 46. Kd4 Nd7 47. Ke4 Nc5+ 48. Ke3 Na4 49. Kd4 Kh5 50. Kc4 Kg5 51. Kb4 Nb6 52. Kc5 Na4+ 53. Kc6 Nc3 54. b6 Ne2 55. b7 Nd4+ 56. Kd6 Nb5+ 57. Kxe6 Na7 58. b8=Q Nc6 59. Qg8+ 1-0


[Site "https://www.chess.com"]

[Event "Titled Tuesday Blitz November 07 Early 2023"]
[White "Gavrilov, Maxim"]
[Black "Saydaliev, Saidakbar"]
[WhiteFideId "24271454"]
[BlackFideId "14203693"]
[WhiteElo "2562"]
[BlackElo "2760"]
[Result "0-1"]
[Round "8"]
[TimeControl "180+1"]
[Date "2023.11.07"]
[WhiteClock "0:00:00"]
[BlackClock "0:00:53"]
[Board "67"]

1. d4 Nf6 2. c4 e6 3. Nc3 Bb4 4. Nf3 O-O 5. Bg5 c5 6. Rc1 cxd4 7. Nxd4 d5 8. cxd5 Qxd5 9. Bxf6 gxf6 10. e3 f5 11. Be2 Qxg2 12. Bf3 Qg7 13. Ke2 Kh8 14. Rg1 Qh6 15. Nxe6 fxe6 16. Qd4+ Qf6 17. Qxf6+ Rxf6 18. Nd5 Rf8 19. Nxb4 Nd7 20. Rc7 Rb8 21. Nd3 b6 22. Nf4 Ba6+ 23. Ke1 Ne5 24. Be2 Rbc8 25. Nxe6 Rxc7 26. Nxc7 Rc8 27. Nxa6 Rc1+ 28. Bd1 Nf3+ 29. Ke2 Nxg1+ 30. Kd2 Rc6 31. Nb4 Rh6 32. Nd5 Rxh2 33. Ke1 Rh1 34. Kd2 Nh3 35. Bf3 Rh2 36. Kd3 Nxf2+ 37. Kd4 Ng4 38. Ne7 Rxb2 39. Nxf5 Nf6 40. Ke5 Nd7+ 41. Ke6 Nc5+ 42. Kf7 Rf2 43. Bg4 h5 44. Bh3 Rf3 45. Kg6 Rxh3 0-1


[Site "https://www.chess.com"]

[Event "Titled Tuesday Blitz November 07 Early 2023"]
[White "Vestby-Ellingsen, Mads"]
[Black "Hambleton, Aman"]
[WhiteFideId "1520857"]
[BlackFideId "2606577"]
[WhiteElo "2556"]
[BlackElo "2741"]
[Result "1-0"]
[Round "8"]
[TimeControl "180+1"]
[Date "2023.11.07"]
[WhiteClock "0:00:15"]
[BlackClock "0:00:02"]
[Board "68"]

1. e4 b6 2. Nc3 Bb7 3. d4 e6 4. Bd3 Nf6 5. Nge2 d5 6. e5 Ng8 7. Nb1 Ba6 8. Bxa6 Nxa6 9. c3 Qd7 10. O-O c5 11. Qd3 Nc7 12. Nd2 Ne7 13. Nf3 Qb5 14. Qd1 c4 15. Ng3 Nf5 16. Nxf5 exf5 17. Qc2 g6 18. Bg5 Be7 19. Bxe7 Kxe7 20. e6 f6 21. Rfe1 Nxe6 22. a4 Qd7 23. b3 cxb3 24. Qxb3 Kf7 25. c4 dxc4 26. Qxc4 Rhd8 27. Qc1 Kg7 28. a5 b5 29. Qe3 Re8 30. Rac1 Rad8 31. d5 Qxd5 32. Qxa7+ Rd7 33. Qb6 Ree7 34. a6 Nf4 35. Kh1 Nd3 36. Rxe7+ Rxe7 37. Rf1 Qe6 38. Qxb5 Qe2 39. Kg1 Nf4 40. Qxe2 Nxe2+ 41. Kh1 Ra7 42. Ra1 Nc3 43. Nd4 Kf7 44. Nc6 Ra8 45. a7 Nb5 46. Rb1 Nxa7 47. Rb7+ Ke6 48. Rxa7 Rc8 49. Nd4+ Kd5 50. Rd7+ Ke4 51. h3 Rc1+ 52. Kh2 h5 53. Nf3 g5 54. Rd4# 1-0


[Site "https://www.chess.com"]

[Event "Titled Tuesday Blitz November 07 Early 2023"]
[White "Preotu, Razvan"]
[Black "Kotlyar, Kirill"]
[WhiteFideId "2613280"]
[BlackFideId "24145599"]
[WhiteElo "2724"]
[BlackElo "2551"]
[Result "1-0"]
[Round "8"]
[TimeControl "180+1"]
[Date "2023.11.07"]
[WhiteClock "0:01:05"]
[BlackClock "0:01:25"]
[Board "69"]

1. e4 c6 2. Nc3 d5 3. Nf3 dxe4 4. Nxe4 Nf6 5. Qe2 Nxe4 6. Qxe4 Nd7 7. d4 Nf6 8. Qf4 g6 9. Bd3 Bg7 10. O-O O-O 11. Re1 Nd5 12. Qh4 Re8 13. Bh6 Bh8 14. a3 e6 15. Bg5 Bf6 16. c4 Bxg5 17. Nxg5 Nf6 18. Re3 Kg7 19. Rf3 h6 20. Nxf7 Kxf7 21. Qxh6 Rg8 22. Qh7+ Kf8 23. Bxg6 Qe7 24. Qh6+ Rg7 25. Qh8+ Rg8 26. Rxf6+ Qxf6 27. Qxf6# 1-0


[Site "https://www.chess.com"]

[Event "Titled Tuesday Blitz November 07 Early 2023"]
[White "Perez Gormaz, Matias"]
[Black "Avazkhonov, Alikhon"]
[WhiteFideId "3406342"]
[BlackFideId "14208504"]
[WhiteElo "2719"]
[BlackElo "2548"]
[Result "1-0"]
[Round "8"]
[TimeControl "180+1"]
[Date "2023.11.07"]
[WhiteClock "0:00:07"]
[BlackClock "0:00:00"]
[Board "70"]

1. d4 d5 2. Bf4 Nf6 3. e3 e6 4. Nd2 Bd6 5. Bxd6 Qxd6 6. f4 O-O 7. Ngf3 c5 8. c3 Nc6 9. Ne5 b6 10. Bd3 Bb7 11. O-O Ne7 12. Qb1 c4 13. Bc2 b5 14. g4 g6 15. Rf3 Kg7 16. Rh3 h5 17. gxh5 Nxh5 18. Kh1 Rh8 19. Qg1 Nf5 20. Bxf5 exf5 21. Ndf3 Rag8 22. Ng5 Rf8 23. Ngf3 Rfg8 24. a4 b4 25. cxb4 Kf8 26. b5 f6 27. Nxg6+ Ke8 28. Nfh4 Qe6 29. a5 Rh6 30. Qf2 Rhxg6 31. Nxg6 Rxg6 32. Rg1 Qe4+ 33. Qf3 Rxg1+ 34. Kxg1 Qb1+ 35. Qf1 Qxf1+ 36. Kxf1 Ng7 37. Rh8+ Kd7 38. Rb8 Kc7 39. Rf8 Ne6 40. Rxf6 Kd6 41. h4 a6 42. b6 1-0


[Site "https://www.chess.com"]

[Event "Titled Tuesday Blitz November 07 Early 2023"]
[White "Timerkhanov, Alexander"]
[Black "Czopor, Maciej"]
[WhiteFideId "24177938"]
[BlackFideId "21805431"]
[WhiteElo "2719"]
[BlackElo "2543"]
[Result "0-1"]
[Round "8"]
[TimeControl "180+1"]
[Date "2023.11.07"]
[WhiteClock "0:01:01"]
[BlackClock "0:00:31"]
[Board "71"]

1. d4 g6 2. h4 h5 3. e4 Bg7 4. Nc3 c5 5. Nf3 cxd4 6. Nxd4 Nc6 7. Be3 Nf6 8. f3 d6 9. Qd2 O-O 10. O-O-O Ne5 11. Kb1 Bd7 12. Bh6 Rc8 13. Nd5 Nxd5 14. exd5 Qb6 15. Bxg7 Kxg7 16. g4 hxg4 17. h5 Rh8 18. h6+ Kh7 19. fxg4 Rc5 20. g5 Rhc8 21. Nb3 Rxc2 22. Qd4 Bf5 23. Bd3 Qxd4 24. Nxd4 Nxd3 25. Nxf5 Rxb2+ 26. Ka1 Rcc2 27. Rxd3 Rxa2+ 28. Kb1 Rcb2+ 29. Kc1 gxf5 30. Re3 Re2 31. Rxe2 Rxe2 32. Rf1 Kg6 33. Rh1 Kh7 34. Rf1 Re5 35. Kd2 Rxd5+ 36. Ke3 Re5+ 37. Kf4 e6 38. Rd1 Re4+ 39. Kf3 Rg4 40. Rxd6 Rxg5 41. Rd7 Kg6 42. h7 Rh5 43. Rxb7 Rxh7 44. Rxa7 Rh3+ 45. Kf4 Rh4+ 46. Kf3 Kf6 47. Ra8 Rb4 48. Ra5 Kg5 49. Ra8 Rb3+ 50. Ke2 e5 51. Ra4 e4 52. Kf2 Kf4 53. Ra6 Rb2+ 54. Ke1 Kf3 55. Rf6 f4 56. Rxf7 Rb1+ 57. Kd2 e3+ 58. Kc2 e2 0-1


[Site "https://www.chess.com"]

[Event "Titled Tuesday Blitz November 07 Early 2023"]
[White "Danielyan, Vahe"]
[Black "Slade, Theodore"]
[WhiteFideId "13304828"]
[BlackFideId "426547"]
[WhiteElo "2714"]
[BlackElo "2541"]
[Result "1-0"]
[Round "8"]
[TimeControl "180+1"]
[Date "2023.11.07"]
[WhiteClock "0:00:10"]
[BlackClock "0:00:02"]
[Board "72"]

1. d4 d5 2. c4 e6 3. Nc3 a6 4. cxd5 exd5 5. Nf3 c6 6. Bf4 Bd6 7. Bxd6 Qxd6 8. Qc2 Ne7 9. e3 Bf5 10. Bd3 Bxd3 11. Qxd3 O-O 12. O-O Nd7 13. Rab1 a5 14. e4 dxe4 15. Nxe4 Qc7 16. Rfe1 Nd5 17. Nc3 N7f6 18. Ne5 Rfe8 19. g3 Rad8 20. Re2 Nxc3 21. Qxc3 Nd5 22. Qf3 f6 23. Nd3 Rxe2 24. Qxe2 Qe7 25. Qd2 Nb4 26. Re1 Qd6 27. Nc5 Rb8 28. Re6 Qf8 29. Qe2 Qf7 30. Re7 Qg6 31. Ne6 Kh8 32. Rxg7 Qb1+ 33. Kg2 Re8 34. Qg4 Nd5 35. Rxb7 Rg8 36. Rb8 Qg6 37. Rxg8+ Kxg8 38. Qxg6+ hxg6 39. Nd8 Ne7 40. Nb7 a4 41. Nc5 Nf5 42. Nxa4 Nxd4 43. Nc5 Kf7 44. f4 Ke7 45. Kf2 Kd6 46. Ne4+ Ke6 47. Ke3 Nc2+ 48. Kd2 Nb4 49. a3 Nd5 50. Nc3 Nb6 51. a4 Nc4+ 52. Kc2 Ne3+ 53. Kd3 Nf1 54. a5 Kd6 55. Ne4+ Kc7 56. Nxf6 Nxh2 57. Ke2 Kb7 58. Kf2 Ka6 59. Kg2 Kxa5 60. Kxh2 Kb4 61. Nd7 Kb3 62. g4 Kxb2 63. f5 gxf5 64. gxf5 Kc3 65. f6 Kd4 66. f7 c5 67. Ne5 1-0


[Site "https://www.chess.com"]

[Event "Titled Tuesday Blitz November 07 Early 2023"]
[White "Harikrishnan.A.Ra"]
[Black "Lymar, Vladislav"]
[WhiteFideId "5081483"]
[BlackFideId "14162180"]
[WhiteElo "2696"]
[BlackElo "2534"]
[Result "0-1"]
[Round "8"]
[TimeControl "180+1"]
[Date "2023.11.07"]
[WhiteClock "0:00:05"]
[BlackClock "0:00:05"]
[Board "73"]

1. c4 d6 2. Nc3 e5 3. e3 Nd7 4. d4 Ngf6 5. g3 Be7 6. Bg2 O-O 7. Nge2 c6 8. O-O Qc7 9. b3 Re8 10. Bb2 a5 11. Rc1 Bf8 12. Qc2 g6 13. Rfd1 exd4 14. Nxd4 Bg7 15. Ba3 Nc5 16. Nce2 Nfe4 17. Nf4 Ng5 18. h4 Nge6 19. Ndxe6 Bxe6 20. Nxe6 Rxe6 21. Rd2 Rae8 22. Rcd1 Bf8 23. Qc3 a4 24. Bb2 f6 25. b4 Nd7 26. Bh3 Re5 27. c5 d5 28. Qc2 Re4 29. Qxa4 Nxc5 30. Qc2 Rxb4 31. Bxf6 Ne4 32. Ba1 Nxd2 33. Qxd2 Rbe4 34. Bg2 R4e6 35. Qc2 Qf7 36. Bh3 R6e7 37. Bd4 Bg7 38. Bc5 Re4 39. Bg2 Rc4 40. Qb3 Rxc5 41. a4 Rc4 42. a5 Ra8 43. Bf1 Rc5 44. a6 bxa6 45. Qb6 Qe7 46. Bxa6 Rf8 47. Bd3 Rc3 48. Rd2 Qf6 49. Qb1 Kh8 50. Bf1 Ra3 51. Qc2 Ra1 52. Qd3 Qc3 53. Qe2 c5 54. Kg2 c4 55. Rxd5 Qb4 56. Qxc4 Qxc4 57. Bxc4 Rc1 58. Be2 Rc2 59. Kf1 h6 60. h5 gxh5 61. Rxh5 Rb8 62. Rd5 Rb1+ 63. Kg2 Rxe2 64. Rd8+ Kh7 65. Kf3 Rbb2 66. Kg4 Rxf2 67. e4 Rb4 68. Kh5 Rxe4 69. Rd5 Rh2# 0-1


[Site "https://www.chess.com"]

[Event "Titled Tuesday Blitz November 07 Early 2023"]
[White "carokannlover213"]
[Black "Rietze, Clemens, Dr."]
[BlackFideId "24620351"]
[WhiteElo "2693"]
[BlackElo "2532"]
[Result "1-0"]
[Round "8"]
[TimeControl "180+1"]
[Date "2023.11.07"]
[WhiteClock "0:00:07"]
[BlackClock "0:00:04"]
[Board "74"]

1. Nf3 Nf6 2. c4 g6 3. d4 Bg7 4. Nc3 O-O 5. e4 d6 6. Be2 Na6 7. O-O e5 8. Re1 c6 9. Bf1 Nh5 10. Bg5 Qe8 11. d5 c5 12. Bd2 f5 13. Nb5 fxe4 14. Nxd6 Qd8 15. Nxe4 Bg4 16. Be2 Nf4 17. Bxf4 exf4 18. Nfg5 Bf5 19. Bg4 Re8 20. Bxf5 gxf5 21. Qh5 fxe4 22. Qf7+ Kh8 23. Qf5 Kg8 24. Qxh7+ Kf8 25. Qf5+ Kg8 26. Qf7+ Kh8 27. Qg6 Kg8 28. Nxe4 Qe7 29. d6 Qf7 30. Qg4 Rad8 31. d7 Re7 32. Ng5 Qf6 33. Rxe7 Qxe7 34. Rd1 Nc7 35. Qf5 Qf6 36. Qg4 Qe7 37. h4 Na6 38. Qf5 Qf6 39. Qd5+ Kf8 40. Nh7+ Ke7 41. Nxf6 Kxf6 42. Qg5+ Kf7 43. Qxd8 Nb4 44. Qe8+ Kf6 45. d8=Q+ Kf5 46. Qg5# 1-0


[Site "https://www.chess.com"]

[Event "Titled Tuesday Blitz November 07 Early 2023"]
[White "Hua, Lefong"]
[Black "Toktomushev, Teimur"]
[WhiteFideId "2602253"]
[BlackFideId "14176726"]
[WhiteElo "2693"]
[BlackElo "2528"]
[Result "1-0"]
[Round "8"]
[TimeControl "180+1"]
[Date "2023.11.07"]
[WhiteClock "0:01:42"]
[BlackClock "0:00:01"]
[Board "75"]

1. d4 d5 2. c4 e6 3. Nc3 Nf6 4. cxd5 exd5 5. Bg5 c6 6. e3 Be7 7. Bd3 Nbd7 8. Qc2 Nh5 9. Bxe7 Qxe7 10. Nge2 g6 11. O-O O-O 12. Rae1 Ndf6 13. Nc1 Ng7 14. f3 Re8 15. e4 dxe4 16. fxe4 Nfh5 17. Qf2 Ne6 18. N1e2 b6 19. e5 Bb7 20. Ne4 c5 21. g4 Bxe4 22. Bxe4 Nhg7 23. Bxa8 Rxa8 24. d5 Ng5 25. Nf4 Rd8 26. h4 Rxd5 27. hxg5 Rd4 28. Rd1 Qxg5 29. Rxd4 cxd4 30. Nd5 Qxg4+ 31. Qg2 Qe6 32. Nf6+ Kf8 33. Qa8+ Ne8 34. Qxe8+ Qxe8 35. Nxe8 Kxe8 36. Rd1 Ke7 37. Rxd4 Ke6 38. Re4 a5 39. a4 Kd5 40. Re1 Kc5 41. b3 Kb4 42. Re3 1-0


[Site "https://www.chess.com"]

[Event "Titled Tuesday Blitz November 07 Early 2023"]
[White "Zavgorodniy, Sergiy"]
[Black "Pham, Le Thao Nguyen"]
[WhiteFideId "14110148"]
[BlackFideId "12401226"]
[WhiteElo "2685"]
[BlackElo "2530"]
[Result "1-0"]
[Round "8"]
[TimeControl "180+1"]
[Date "2023.11.07"]
[WhiteClock "0:00:30"]
[BlackClock "0:00:09"]
[Board "76"]

1. d4 d5 2. c4 c6 3. e3 Nf6 4. Bd3 Bg4 5. Qc2 e6 6. Nd2 Bh5 7. Ngf3 Bg6 8. O-O Be7 9. e4 dxe4 10. Nxe4 O-O 11. b3 a5 12. Bb2 Nbd7 13. Rad1 Qc7 14. Ne5 Nxe5 15. dxe5 Nxe4 16. Bxe4 Rfd8 17. Bxg6 hxg6 18. Rxd8+ Rxd8 19. Rd1 Rd7 20. Kf1 Qd8 21. Ke2 Bc5 22. Rxd7 Qxd7 23. Bc3 Qd8 24. Qd3 Qh4 25. g3 Qxh2 26. Qf3 Qg1 27. Be1 Qh2 28. Bxa5 Qh5 29. Qxh5 gxh5 30. Bc3 Kh7 31. a4 Kg6 32. f4 Kf5 33. Kf3 f6 34. b4 Ba7 35. exf6 gxf6 36. b5 e5 37. fxe5 fxe5 38. a5 cxb5 39. cxb5 e4+ 40. Ke2 Bc5 41. a6 bxa6 42. bxa6 Kg4 43. Bd2 Ba7 44. Be3 Bb8 45. Bf4 Ba7 46. Be3 Bb8 47. Bb6 Kxg3 48. Bc7+ Bxc7 49. a7 Kg2 50. a8=Q Bg3 51. Qxe4+ Kh2 52. Kf1 h4 53. Qg2# 1-0


[Site "https://www.chess.com"]

[Event "Titled Tuesday Blitz November 07 Early 2023"]
[White "Pujari, Rucha"]
[Black "Godzwon, Iwo"]
[WhiteFideId "5024528"]
[BlackFideId "21802483"]
[WhiteElo "2526"]
[BlackElo "2683"]
[Result "0-1"]
[Round "8"]
[TimeControl "180+1"]
[Date "2023.11.07"]
[WhiteClock "0:00:18"]
[BlackClock "0:01:37"]
[Board "77"]

1. d4 e6 2. c4 b6 3. Nf3 Bb7 4. g3 f5 5. Bg2 Nf6 6. O-O Be7 7. Nc3 Ne4 8. Qc2 Nxc3 9. Qxc3 O-O 10. h4 Bf6 11. Qc2 Be4 12. Qb3 Nc6 13. Be3 Rb8 14. Rfd1 Qe7 15. d5 Na5 16. Qa4 Bxb2 17. Rac1 Bxc1 18. Bxc1 d6 19. dxe6 Bc6 20. Qc2 Qxe6 21. Nd4 Qe8 22. Nxf5 Bxg2 23. Kxg2 Qc6+ 24. e4 Rxf5 25. Bd2 Nxc4 26. f3 Ne3+ 0-1


[Site "https://www.chess.com"]

[Event "Titled Tuesday Blitz November 07 Early 2023"]
[White "arenal72"]
[Black "Starozhilov, Leonid"]
[BlackFideId "14106752"]
[WhiteElo "2525"]
[BlackElo "2682"]
[Result "0-1"]
[Round "8"]
[TimeControl "180+1"]
[Date "2023.11.07"]
[WhiteClock "0:00:02"]
[BlackClock "0:00:14"]
[Board "78"]

1. e4 g6 2. d4 Bg7 3. Nc3 a6 4. Nf3 b5 5. Be3 Bb7 6. Bd3 d6 7. e5 e6 8. Be4 d5 9. Bd3 Nd7 10. b4 Ne7 11. h4 h6 12. h5 g5 13. g4 Nb6 14. a4 Nc4 15. a5 Qd7 16. Nd2 Nxe5 17. dxe5 d4 18. Be4 dxe3 19. Bxb7 exd2+ 20. Qxd2 Qxd2+ 21. Kxd2 Ra7 22. Be4 Bxe5 23. Rad1 c6 24. Ne2 f5 25. gxf5 exf5 26. Bg2 Rd7+ 27. Ke3 Kd8 28. Rxd7+ Kxd7 29. Rd1+ Kc7 30. Bh1 Rd8 31. Rxd8 Kxd8 32. Nd4 Kd7 33. c3 Kd6 34. Ne2 Nd5+ 35. Kd3 g4 36. Bg2 Nf6 37. c4 bxc4+ 38. Kxc4 Nxh5 39. Nc1 Nf4 40. Bf1 h5 41. Kb3 h4 42. Bxa6 h3 43. Bb7 h2 44. a6 h1=Q 45. a7 Qd1+ 46. Ka2 Qxc1 0-1


[Site "https://www.chess.com"]

[Event "Titled Tuesday Blitz November 07 Early 2023"]
[White "Mgeladze, Tamaz"]
[Black "Kubicka, Anna"]
[WhiteFideId "13601202"]
[BlackFideId "1152254"]
[WhiteElo "2667"]
[BlackElo "2510"]
[Result "0-1"]
[Round "8"]
[TimeControl "180+1"]
[Date "2023.11.07"]
[WhiteClock "0:01:06"]
[BlackClock "0:00:09"]
[Board "79"]

1. c4 g6 2. Nc3 Bg7 3. g3 e5 4. Bg2 Ne7 5. Nf3 O-O 6. O-O Nbc6 7. d3 d6 8. Rb1 a5 9. a3 f5 10. Bg5 h6 11. Bxe7 Nxe7 12. Nd2 c6 13. b4 axb4 14. axb4 Kh8 15. Qb3 Be6 16. b5 d5 17. bxc6 bxc6 18. Na4 e4 19. Nc5 Bg8 20. Qb7 Rb8 21. Qxb8 Qxb8 22. Rxb8 Rxb8 23. cxd5 cxd5 24. e3 Rb2 25. Rd1 Rc2 26. d4 Nc6 27. Bf1 Bf8 28. Ndb3 Nb4 29. Rc1 Rxc1 30. Nxc1 Bxc5 31. dxc5 Kg7 32. Nb3 Kf6 33. Nd4 Be6 34. f4 exf3 35. Kf2 Bd7 36. Kxf3 Nc6 37. Ba6 Ke5 38. Bb5 Nb8 39. c6 Bc8 40. c7 Nd7 41. Bxd7 Bxd7 42. h4 Kd6 43. Kf4 Kxc7 44. h5 gxh5 45. Nxf5 Bxf5 46. Kxf5 Kd6 47. Kg6 Ke5 48. Kxh6 Ke4 49. Kxh5 Kxe3 50. g4 d4 51. g5 d3 52. g6 d2 53. g7 d1=Q+ 54. Kg6 Qg4+ 55. Kf7 Qf5+ 56. Ke7 Qg6 57. Kf8 Qf6+ 58. Kg8 Kf4 59. Kh7 Qh4+ 60. Kg6 Qg5+ 61. Kf7 Qf5+ 62. Ke7 Qg6 63. Kf8 Qf6+ 64. Kg8 Ke5 65. Kh7 Qf5+ 66. Kh8 Qh5+ 67. Kg8 Kf6 68. Kf8 Qf7# 0-1


[Site "https://www.chess.com"]

[Event "Titled Tuesday Blitz November 07 Early 2023"]
[White "Hajiyev, Kanan"]
[Black "Skvortsov, Andrei"]
[WhiteFideId "13404148"]
[BlackFideId "24108600"]
[WhiteElo "2511"]
[BlackElo "2664"]
[Result "0-1"]
[Round "8"]
[TimeControl "180+1"]
[Date "2023.11.07"]
[WhiteClock "0:00:08"]
[BlackClock "0:01:22"]
[Board "80"]

1. d4 e6 2. Nf3 f5 3. b3 Nf6 4. Bb2 Bb4+ 5. Nbd2 O-O 6. e3 Ne4 7. a3 Be7 8. Bd3 d5 9. c4 c6 10. Qc2 Nd7 11. O-O Bf6 12. Ne5 Qc7 13. f4 Nxe5 14. dxe5 Be7 15. cxd5 exd5 16. b4 a6 17. Nf3 Qb6 18. Nd4 a5 19. Rfb1 axb4 20. axb4 Rxa1 21. Bxa1 Bd7 22. Bxe4 fxe4 23. e6 Be8 24. f5 Bg5 25. Qc3 Bf6 26. Qc5 Qc7 27. Nb5 Qe7 28. Qxe7 Bxe7 29. Nd4 h5 30. g3 g6 31. fxg6 Bg5 32. Re1 Bxg6 33. Bc3 Ra8 34. Kf2 Kf8 35. Ra1 Rxa1 36. Bxa1 Ke7 37. Bc3 h4 38. Bb2 hxg3+ 39. hxg3 Bh7 40. Ba3 Kf6 41. b5 cxb5 42. e7 Kf7 43. Nxb5 Bxe7 44. Nd6+ Ke6 45. Nxe4 Bxe4 46. Bb2 0-1


[Site "https://www.chess.com"]

[Event "Titled Tuesday Blitz November 07 Early 2023"]
[White "ploxoi"]
[Black "Degenbaev, Aziz"]
[BlackFideId "13802640"]
[WhiteElo "2475"]
[BlackElo "2660"]
[Result "0-1"]
[Round "8"]
[TimeControl "180+1"]
[Date "2023.11.07"]
[WhiteClock "0:00:00"]
[BlackClock "0:00:07"]
[Board "81"]

1. d4 Nf6 2. c4 g6 3. Nc3 Bg7 4. e4 d6 5. Nf3 O-O 6. Be2 e5 7. d5 a5 8. Be3 Bg4 9. Nd2 Bd7 10. b3 Na6 11. a3 h5 12. Rb1 Ng4 13. Bxg4 hxg4 14. f3 gxf3 15. Nxf3 f5 16. Bg5 Qe8 17. Qe2 Nc5 18. O-O fxe4 19. Nd2 e3 20. Qxe3 Bf5 21. Nce4 b6 22. h3 Qd7 23. Kh2 Nxe4 24. Nxe4 Bxe4 25. Qxe4 Rf5 26. Be3 Raf8 27. Qg4 Qe7 28. Rfe1 Qf6 29. b4 a4 30. c5 e4 31. Qxe4 Re5 32. Qg4 Qe7 33. Qg3 bxc5 34. Bf4 Rxf4 35. Rxe5 Qxe5 0-1


[Site "https://www.chess.com"]

[Event "Titled Tuesday Blitz November 07 Early 2023"]
[White "Haitin, Ilja"]
[Black "Mendez Fortes, Eduardo Jesus"]
[WhiteFideId "4501764"]
[BlackFideId "3502376"]
[WhiteElo "2467"]
[BlackElo "2659"]
[Result "0-1"]
[Round "8"]
[TimeControl "180+1"]
[Date "2023.11.07"]
[WhiteClock "0:00:01"]
[BlackClock "0:00:41"]
[Board "82"]

1. Nf3 d5 2. g3 Nf6 3. Bg2 e6 4. O-O Be7 5. c4 O-O 6. b3 d4 7. e3 c5 8. exd4 cxd4 9. Ne5 Nfd7 10. Re1 Nxe5 11. Rxe5 Nd7 12. Re1 e5 13. d3 Re8 14. Ba3 a5 15. Bxe7 Rxe7 16. Na3 Ra6 17. Nb5 Nc5 18. Qd2 Bf5 19. f4 Nxd3 20. fxe5 Nxe1 21. Rxe1 d3 22. Nd6 Bg6 23. c5 Qc7 24. Qc3 Rxd6 25. exd6 Rxe1+ 26. Qxe1 Qxc5+ 27. Kf1 Qxd6 28. Qe8+ Qf8 29. Qxf8+ Kxf8 30. Bxb7 Ke7 31. Ke1 Kd6 32. Kd2 Kc5 33. a3 Kd4 34. Ba6 Be4 35. Bb5 f5 36. Bd7 g5 37. Be8 f4 38. gxf4 gxf4 39. Bd7 f3 40. Bh3 f2 41. Bf1 Bf5 42. b4 axb4 43. axb4 Kc4 44. b5 Kxb5 45. Ke3 Kc4 46. Kxf2 Kc3 47. Bxd3 Kxd3 48. Kg3 Ke4 49. Kh4 Ke5 50. Kg5 Bb1 51. Kh6 Kf4 52. h4 Kg4 53. h5 Kh4 54. Kg7 Kxh5 55. Kf6 Kg4 0-1


[Site "https://www.chess.com"]